TOP OF THE 1ST |
Rome Braves batting - Pitching for Salem-Keizer Volcanoes : LHP Chong-yeol Wong
|
Pitching: LHP Chong-yeol Wong
|
|
Batting: LHB J.P. Olson
|
0-0: Ball 1-0: Fly out, F7 (Line Drive, 7, EV 96.9 MPH)
|
Batting: RHB Brandon Burrell
|
0-0: Swinging Strike 0-1: Called Strike 0-2: Strikes out looking
|
Batting: RHB Ike Trout
|
0-0: Ground out 6-3 (Groundball, 6, EV 91.9 MPH)
|
Top of the 1st over - 0 runs, 0 hits, 0 errors, 0 left on base; Rome 0 - Salem-Keizer 0 |
BOTTOM OF THE 1ST |
Salem-Keizer Volcanoes batting - Pitching for Rome Braves : RHP Jae-young Jhang
|
Pitching: RHP Jae-young Jhang
|
|
Batting: RHB Danny Gallo
|
0-0: Ball 1-0: Ball 2-0: Ball 3-0: Called Strike 3-1: Foul Ball, location: 2F 3-2: Fly out, F7 (Flyball, 78D, EV 100.6 MPH)
|
Batting: RHB Bill Defazio
|
0-0: Ball 1-0: Called Strike 1-1: Swinging Strike 1-2: Ball 2-2: Foul Ball, location: 2F 2-2: Foul Ball, location: 2F 2-2: Foul Ball, location: 2F 2-2: Ball 3-2: Strikes out swinging
|
Batting: LHB Gil Caraveo
|
0-0: Called Strike 0-1: Foul Ball, location: 2F 0-2: SINGLE (Groundball, 4S, EV 65.6 MPH) (infield hit)
|
Batting: LHB Al Hernandez
|
0-0: Ball Gil Caraveo is caught stealing 2nd base 2-6
|
Bottom of the 1st over - 0 runs, 1 hit, 0 errors, 0 left on base; Rome 0 - Salem-Keizer 0 |
TOP OF THE 2ND |
Rome Braves batting - Pitching for Salem-Keizer Volcanoes : LHP Chong-yeol Wong
|
Batting: RHB Jose Ramos
|
0-0: Ground out 5-3 (Groundball, 56, EV 99.4 MPH)
|
Batting: LHB Mike Tenorio
|
0-0: Called Strike 0-1: Ball 1-1: TRIPLE (Flyball, 89XD, EV 100.0 MPH)
|
Batting: RHB Alex Velasquez
|
0-0: Ball 1-0: Fly out, F6 (Popup, 6MS, EV 60.6 MPH)
|
Batting: RHB Tim Molchan
|
0-0: Ball 1-0: Foul Ball, location: 2F 1-1: Foul Ball, location: 2F 1-2: SINGLE (Groundball, 4M, EV 80.0 MPH) (infield hit) Mike Tenorio scores
|
Batting: LHB Javier Rubio
|
0-0: Ground out U3 (Groundball, 34S, EV 67.5 MPH)
|
Top of the 2nd over - 1 run, 2 hits, 0 errors, 1 left on base; Rome 1 - Salem-Keizer 0 |
BOTTOM OF THE 2ND |
Salem-Keizer Volcanoes batting - Pitching for Rome Braves : RHP Jae-young Jhang
|
Batting: LHB Al Hernandez
|
0-0: Ball 1-0: Ball 2-0: Ball 3-0: Base on Balls
|
Batting: RHB Justin Layton
|
0-0: Called Strike 0-1: SINGLE (Groundball, 56D, EV 94.4 MPH) Al Hernandez to second
|
Batting: RHB Gabe Ochoa
|
0-0: Called Strike 0-1: Foul Ball, location: 2F 0-2: Strikes out swinging
|
Batting: RHB Ryan Bentz
|
0-0: Hit by Pitch Al Hernandez to third Justin Layton to second
|
Batting: RHB Alfredo Lemus
|
0-0: GRAND SLAM HOME RUN (Flyball, 7D, EV 106.9 MPH), Distance : 404 ft
|
Batting: RHB Willie Sanchez
|
0-0: Foul Ball, location: 2F 0-1: Ball 1-1: Ground out 6-3 (Groundball, 6M, EV 86.3 MPH)
|
Batting: RHB Danny Gallo
|
0-0: Called Strike 0-1: Foul Ball, location: 2F 0-2: Foul Ball, location: 2F 0-2: SINGLE (Groundball, 6D, EV 102.5 MPH)
|
Batting: RHB Bill Defazio
|
0-0: Ball 1-0: Fielders Choice at 2nd, 6-4 (Groundball, 6, EV 80.0 MPH)
|
Bottom of the 2nd over - 4 runs, 3 hits, 0 errors, 1 left on base; Rome 1 - Salem-Keizer 4 |
TOP OF THE 3RD |
Rome Braves batting - Pitching for Salem-Keizer Volcanoes : LHP Chong-yeol Wong
|
Batting: LHB Joe Phillips
|
0-0: Called Strike 0-1: Ground out 4-3 (Groundball, 4, EV 108.1 MPH)
|
Batting: LHB J.P. Olson
|
0-0: Ball 1-0: Called Strike 1-1: Foul Ball, location: 2F 1-2: Ball 2-2: Foul Ball, location: 2F 2-2: Ground out 4-3 (Groundball, 4D, EV 102.5 MPH)
|
Batting: RHB Brandon Burrell
|
0-0: Ground out 4-3 (Groundball, 6MD, EV 83.8 MPH)
|
Top of the 3rd over - 0 runs, 0 hits, 0 errors, 0 left on base; Rome 1 - Salem-Keizer 4 |
BOTTOM OF THE 3RD |
Salem-Keizer Volcanoes batting - Pitching for Rome Braves : RHP Jae-young Jhang
|
Batting: LHB Gil Caraveo
|
0-0: Ball 1-0: Ball 2-0: Ball 3-0: Called Strike 3-1: SINGLE (Line Drive, 8LM, EV 88.1 MPH)
|
Batting: LHB Al Hernandez
|
0-0: Ball 1-0: Called Strike 1-1: Ball 2-1: Foul Ball, location: 2F 2-2: Strikes out swinging
|
Batting: RHB Justin Layton
|
0-0: Called Strike Gil Caraveo steals 2nd base 0-1: Foul Ball, location: 2F 0-2: Ground out 6-3 (Groundball, 6, EV 88.1 MPH)
|
Batting: RHB Gabe Ochoa
|
0-0: Ball 1-0: Ball 2-0: Ground out U3 (Groundball, 13, EV 86.9 MPH)
|
Bottom of the 3rd over - 0 runs, 1 hit, 0 errors, 1 left on base; Rome 1 - Salem-Keizer 4 |
TOP OF THE 4TH |
Rome Braves batting - Pitching for Salem-Keizer Volcanoes : LHP Chong-yeol Wong
|
Batting: RHB Ike Trout
|
0-0: Ball 1-0: Swinging Strike 1-1: Ball 2-1: Ball 3-1: Base on Balls
|
Batting: RHB Jose Ramos
|
0-0: Ball 1-0: Swinging Strike 1-1: Called Strike 1-2: Ball 2-2: Fly out, F7 (Flyball, 7D, EV 98.1 MPH)
|
Batting: LHB Mike Tenorio
|
0-0: SINGLE (Groundball, 4D, EV 109.4 MPH) Ike Trout to second Runner from 2nd tries for 3rd, SAFE, throw by CF made to third
|
Batting: RHB Alex Velasquez
|
0-0: Foul Ball, location: 2F 0-1: Called Strike 0-2: Ball 1-2: Strikes out swinging
|
Batting: RHB Tim Molchan
|
0-0: Fly out, F7 (Flyball, 7S, EV 96.9 MPH)
|
Top of the 4th over - 0 runs, 1 hit, 0 errors, 2 left on base; Rome 1 - Salem-Keizer 4 |
BOTTOM OF THE 4TH |
Salem-Keizer Volcanoes batting - Pitching for Rome Braves : RHP Jae-young Jhang
|
Batting: RHB Ryan Bentz
|
0-0: Called Strike 0-1: Called Strike 0-2: Ball 1-2: Ball 2-2: Strikes out swinging
|
Batting: RHB Alfredo Lemus
|
0-0: Called Strike 0-1: Swinging Strike 0-2: Ball 1-2: Foul Ball, location: 2F 1-2: Strikes out swinging
|
Batting: RHB Willie Sanchez
|
0-0: Ball 1-0: Ball 2-0: Called Strike 2-1: SINGLE (Line Drive, 3L, EV 93.8 MPH)
|
Batting: RHB Danny Gallo
|
0-0: Ball 1-0: Swinging Strike 1-1: Swinging Strike 1-2: Foul Ball, location: 2F 1-2: Ball 2-2: Ground out 3-1 (Groundball, 34S, EV 83.1 MPH)
|
Bottom of the 4th over - 0 runs, 1 hit, 0 errors, 1 left on base; Rome 1 - Salem-Keizer 4 |
TOP OF THE 5TH |
Rome Braves batting - Pitching for Salem-Keizer Volcanoes : LHP Chong-yeol Wong
|
Batting: LHB Javier Rubio
|
0-0: Called Strike 0-1: Foul Ball, location: 2F 0-2: Ball 1-2: Strikes out swinging, 2-3 out at first.
|
Batting: LHB Joe Phillips
|
0-0: Ball 1-0: Foul Ball, location: 2F 1-1: Ball 2-1: Ball 3-1: SINGLE (Groundball, 4MD, EV 94.4 MPH)
|
Batting: LHB J.P. Olson
|
0-0: Ball 1-0: Called Strike 1-1: Ball 2-1: Swinging Strike 2-2: Ball 3-2: Fielders Choice at 2nd, 1-4 (Groundball, 15S, EV 66.9 MPH)
|
Batting: RHB Brandon Burrell
|
0-0: Ball 1-0: Ball J.P. Olson is caught stealing 2nd base 2-4
|
Top of the 5th over - 0 runs, 1 hit, 0 errors, 0 left on base; Rome 1 - Salem-Keizer 4 |
BOTTOM OF THE 5TH |
Salem-Keizer Volcanoes batting - Pitching for Rome Braves : RHP Jae-young Jhang
|
Batting: RHB Bill Defazio
|
0-0: Ball 1-0: Ground out U3 (Groundball, 3S, EV 64.4 MPH)
|
Batting: LHB Gil Caraveo
|
0-0: Called Strike 0-1: Fly out, F7 (Flyball, 7S, EV 80.6 MPH)
|
Batting: LHB Al Hernandez
|
0-0: Ball 1-0: Ball 2-0: Ball 3-0: Base on Balls
|
Pitching: RHP Marvin Rosas
|
|
Batting: RHB Justin Layton
|
0-0: Ball 1-0: Ball Pickoff Throw to First - Out! 1-3
|
Bottom of the 5th over - 0 runs, 0 hits, 0 errors, 0 left on base; Rome 1 - Salem-Keizer 4 |
TOP OF THE 6TH |
Rome Braves batting - Pitching for Salem-Keizer Volcanoes : LHP Chong-yeol Wong
|
Batting: RHB Brandon Burrell
|
0-0: Ball 1-0: Ball 2-0: Ball 3-0: Base on Balls
|
Batting: RHB Ike Trout
|
0-0: Ball 1-0: Swinging Strike 1-1: Swinging Strike 1-2: Strikes out swinging
|
Batting: RHB Jose Ramos
|
0-0: Called Strike 0-1: Ball 1-1: 2-RUN HOME RUN (Flyball, 7D, EV 102.5 MPH), Distance : 397 ft
|
Batting: LHB Mike Tenorio
|
0-0: Ball 1-0: Ground out 5-3 (Groundball, 56, EV 82.5 MPH)
|
Batting: RHB Alex Velasquez
|
0-0: Ground out 4-3 (Groundball, 4, EV 88.8 MPH)
|
Top of the 6th over - 2 runs, 1 hit, 0 errors, 0 left on base; Rome 3 - Salem-Keizer 4 |
BOTTOM OF THE 6TH |
Salem-Keizer Volcanoes batting - Pitching for Rome Braves : RHP Marvin Rosas
|
Batting: RHB Justin Layton
|
0-0: Ball 1-0: Called Strike 1-1: Called Strike 1-2: Ball 2-2: Fly out, F6 (Popup, 6, EV 78.1 MPH)
|
Batting: RHB Gabe Ochoa
|
0-0: SINGLE (Line Drive, 78S, EV 113.1 MPH)
|
Batting: RHB Ryan Bentz
|
0-0: Called Strike Gabe Ochoa steals 2nd base 0-1: Swinging Strike 0-2: Ball 1-2: Foul Ball, location: 2F 1-2: Strikes out swinging
|
Batting: RHB Alfredo Lemus
|
0-0: Fly out, F8 (Flyball, 8LD, EV 100.0 MPH)
|
Bottom of the 6th over - 0 runs, 1 hit, 0 errors, 1 left on base; Rome 3 - Salem-Keizer 4 |
TOP OF THE 7TH |
Rome Braves batting - Pitching for Salem-Keizer Volcanoes : LHP Chong-yeol Wong
|
Batting: RHB Tim Molchan
|
0-0: Called Strike 0-1: SINGLE (Line Drive, 89S, EV 90.6 MPH)
|
Pitching: LHP Caleb Mullinax
|
|
Batting: LHB Javier Rubio
|
0-0: Bunted foul 0-1: Ball 1-1: Bunted foul 1-2: Ball 2-2: Ball 3-2: Base on Balls Tim Molchan to second
|
Pinch Hitting: RHB Peter Wheeler
|
0-0: Ball 1-0: SINGLE (Groundball, P, EV 95.0 MPH) Tim Molchan to third Javier Rubio to second
|
Batting: LHB J.P. Olson
|
0-0: Ball 1-0: Called Strike 1-1: Ball 2-1: Foul Ball, location: 2F 2-2: Strikes out looking
|
Batting: RHB Brandon Burrell
|
0-0: Ball 1-0: Foul Ball, location: 2F 1-1: Swinging Strike 1-2: Ball 2-2: Ball 3-2: Foul Ball, location: 2F 3-2: Base on Balls Tim Molchan scores Javier Rubio to third Peter Wheeler to second
|
Batting: RHB Ike Trout
|
0-0: Swinging Strike 0-1: Ball 1-1: Ball 2-1: Called Strike 2-2: Ball 3-2: Foul Ball, location: 2F 3-2: Base on Balls Javier Rubio scores Peter Wheeler to third Brandon Burrell to second
|
Batting: RHB Jose Ramos
|
0-0: Ball 1-0: Foul Ball, location: 2F 1-1: Swinging Strike 1-2: Strikes out looking
|
Pitching: RHP Lorenzo Merjil
|
|
Batting: LHB Mike Tenorio
|
0-0: Called Strike 0-1: Ball Wild Pitch! Peter Wheeler scores Brandon Burrell to third Ike Trout to second 1-1: Foul Ball, location: 2F 1-2: Strikes out swinging
|
Top of the 7th over - 3 runs, 2 hits, 0 errors, 2 left on base; Rome 6 - Salem-Keizer 4 |
BOTTOM OF THE 7TH |
Salem-Keizer Volcanoes batting - Pitching for Rome Braves : RHP Marvin Rosas
|
Pitching: RHP Jeremy Hurley
|
|
Now at 2B: Malik Boulay
|
|
Batting: RHB Willie Sanchez
|
0-0: Called Strike 0-1: Ground out 6-3 (Groundball, 6, EV 103.1 MPH)
|
Batting: RHB Danny Gallo
|
0-0: Foul Ball, location: 2F 0-1: Fly out, F8 (Flyball, 89M, EV 84.4 MPH)
|
Batting: RHB Bill Defazio
|
0-0: Ball 1-0: Ball 2-0: Called Strike 2-1: Called Strike 2-2: Strikes out swinging
|
Bottom of the 7th over - 0 runs, 0 hits, 0 errors, 0 left on base; Rome 6 - Salem-Keizer 4 |
TOP OF THE 8TH |
Rome Braves batting - Pitching for Salem-Keizer Volcanoes : RHP Lorenzo Merjil
|
Pitching: RHP Peter Ellis
|
|
Batting: RHB Alex Velasquez
|
0-0: Called Strike 0-1: Ball 1-1: Ball 2-1: Foul Ball, location: 2F 2-2: Ball 3-2: Foul Ball, location: 2F 3-2: Base on Balls
|
Batting: RHB Tim Molchan
|
0-0: Called Strike 0-1: Ball 1-1: Called Strike 1-2: Ball 2-2: Foul Ball, location: 2F 2-2: Fielders Choice at 2nd, 6-4 (Groundball, 6, EV 95.6 MPH)
|
Batting: LHB Javier Rubio
|
0-0: Ball 1-0: Foul Ball, location: 2F 1-1: Fly out, F7 (Flyball, 78S, EV 93.8 MPH)
|
Batting: LHB Malik Boulay
|
0-0: Ball 1-0: Foul Ball, location: 2F 1-1: Ball 2-1: Ball 3-1: Foul Ball, location: 2F 3-2: Foul Ball, location: 2F 3-2: Base on Balls Tim Molchan to second
|
Batting: LHB J.P. Olson
|
0-0: Ball Wild Pitch! Tim Molchan to third Malik Boulay to second 1-0: Intentional Walk
|
Batting: RHB Brandon Burrell
|
0-0: GRAND SLAM HOME RUN (Flyball, 78XD, EV 113.1 MPH), Distance : 444 ft
|
Batting: RHB Ike Trout
|
0-0: Ball 1-0: Foul Ball, location: 2F 1-1: Ball 2-1: Ball 3-1: Base on Balls
|
Batting: RHB Jose Ramos
|
0-0: Called Strike 0-1: Ball 1-1: Ball 2-1: Foul Ball, location: 2F 2-2: Ball Passed Ball! Ike Trout to second 3-2: Foul Ball, location: 2F 3-2: Foul Ball, location: 2F 3-2: Ground out 5-3 (Groundball, 56S, EV 86.9 MPH)
|
Top of the 8th over - 4 runs, 1 hit, 0 errors, 1 left on base; Rome 10 - Salem-Keizer 4 |
BOTTOM OF THE 8TH |
Salem-Keizer Volcanoes batting - Pitching for Rome Braves : RHP Jeremy Hurley
|
Batting: LHB Gil Caraveo
|
0-0: SINGLE (Groundball, 5S, EV 68.8 MPH) (infield hit)
|
Batting: LHB Al Hernandez
|
0-0: Called Strike 0-1: Fly out, F7 (Flyball, 7D, EV 98.8 MPH)
|
Batting: RHB Justin Layton
|
0-0: Called Strike 0-1: Ball 1-1: Ball 2-1: Ball 3-1: Base on Balls Gil Caraveo to second
|
Batting: RHB Gabe Ochoa
|
0-0: Called Strike 0-1: Ball 1-1: Ball 2-1: Ball 3-1: Foul Ball, location: 2F 3-2: Base on Balls Gil Caraveo to third Justin Layton to second
|
Batting: RHB Ryan Bentz
|
0-0: Ball 1-0: Called Strike 1-1: Foul Ball, location: 2F 1-2: Ball 2-2: Strikes out swinging
|
Pinch Hitting: LHB Ryan Anderson
|
0-0: Ball 1-0: Ball 2-0: Foul Ball, location: 2F 2-1: Ball 3-1: Foul Ball, location: 2F 3-2: Strikes out swinging
|
Bottom of the 8th over - 0 runs, 1 hit, 0 errors, 3 left on base; Rome 10 - Salem-Keizer 4 |
TOP OF THE 9TH |
Rome Braves batting - Pitching for Salem-Keizer Volcanoes : RHP Peter Ellis
|
Pitching: RHP Lorenzo de Jesus
|
|
Now at 3B: Ryan Johnston
|
|
Batting: LHB Mike Tenorio
|
0-0: Called Strike 0-1: Ball 1-1: Ground out 6-3 (Groundball, 6, EV 103.1 MPH)
|
Batting: RHB Alex Velasquez
|
0-0: Called Strike 0-1: Ball 1-1: Fly out, F3 (Popup, 3DF, EV 59.4 MPH)
|
Batting: RHB Tim Molchan
|
0-0: Foul Ball, location: 2F 0-1: Ball 1-1: Ball 2-1: Ball 3-1: Foul Ball, location: 2F 3-2: Ground out 5-3 (Groundball, 56, EV 90.6 MPH)
|
Top of the 9th over - 0 runs, 0 hits, 0 errors, 0 left on base; Rome 10 - Salem-Keizer 4 |
BOTTOM OF THE 9TH |
Salem-Keizer Volcanoes batting - Pitching for Rome Braves : RHP Jeremy Hurley
|
Batting: RHB Willie Sanchez
|
0-0: Ball 1-0: Foul Ball, location: 2F 1-1: Foul Ball, location: 2F 1-2: Ball 2-2: Foul Ball, location: 2F 2-2: Strikes out looking
|
Pitching: RHP Aaron Shapiro
|
|
Batting: RHB Danny Gallo
|
0-0: Ground out 6-3 (Groundball, 6, EV 81.3 MPH)
|
Batting: RHB Bill Defazio
|
0-0: Foul Ball, location: 2F 0-1: Ball 1-1: Swinging Strike 1-2: Ball 2-2: Ball 3-2: Fly out, F7 (Line Drive, 7, EV 93.1 MPH)
|
Bottom of the 9th over - 0 runs, 0 hits, 0 errors, 0 left on base; Rome 10 - Salem-Keizer 4 |
|